[Event "Titled Tuesday Blitz October 31 Late 2023"]
[White "Jelcic, Marko"]
[Black "Acikel, Mert"]
[WhiteFideId "14406489"]
[BlackFideId "12956465"]
[WhiteElo "2136"]
[BlackElo "2305"]
[Result "1-0"]
[Round "6"]
[TimeControl "180+1"]
[Date "2023.10.31"]
[WhiteClock "0:00:16"]
[BlackClock "0:00:12"]
[Board "144"]

1. c4 e6 2. Nc3 d5 3. cxd5 exd5 4. d4 c6 5. Nf3 Bf5 6. Bg5 Qb6 7. Qd2 Nd7 8. e3 Ngf6 9. Bxf6 Nxf6 10. Be2 Bb4 11. O-O Ne4 12. Qc1 O-O 13. Nxe4 dxe4 14. Ne5 Bd6 15. Nc4 Qc7 16. Nxd6 Qxd6 17. Qc4 Be6 18. Qc5 Rfd8 19. Qxd6 Rxd6 20. b4 f5 21. g3 Rc8 22. a4 b6 23. Rfc1 Kf7 24. Rc3 Ke7 25. Rac1 Bd5 26. a5 g5 27. axb6 axb6 28. b5 Rc7 29. Ra1 c5 30. Rac1 f4 31. dxc5 bxc5 32. Rxc5 Rxc5 33. Rxc5 fxg3 34. hxg3 Rd7 35. b6 Kd6 36. Rc8 Rb7 37. Rh8 Kc5 38. Kg2 Kxb6 39. Rd8 Kc5 40. Rf8 Rf7 41. Re8 Kd6 42. Rd8+ Ke5 43. Re8+ Kf6 44. Rd8 Bc6 45. Rd6+ Ke5 46. Rxc6 Rd7 47. Rc5+ Kf6 48. Bg4 Rd2 49. Rf5+ Kg6 50. Re5 h5 51. Bc8 h4 52. gxh4 gxh4 53. Rxe4 h3+ 54. Kxh3 Rxf2 55. Kg3 Rc2 56. Bg4 Kf6 57. Kf4 Rf2+ 58. Bf3 Rf1 59. Rb4 Ke6 60. Rb6+ Ke7 61. Rh6 Kf7 62. e4 Ke7 63. Kg4 Rg1+ 64. Kf5 Rf1 65. Kf4 Kf7 66. Rh3 Kf6 67. e5+ Ke6 68. Rh6+ Kf7 69. Ke4 Re1+ 70. Kf5 Rf1 71. Rh3 Rf2 72. e6+ Ke7 73. Rh7+ Ke8 74. Ke4 Rf1 75. Bh5+ Kf8 76. Rf7+ Rxf7 77. exf7 Ke7 78. Kf5 Kf8 79. Kg6 Ke7 80. Kg7 Kd6 81. f8=Q+ 1-0


[Site "https://www.chess.com"]

[Event "Titled Tuesday Blitz October 31 Late 2023"]
[White "Sari, Yasin"]
[Black "ChessDojo"]
[WhiteFideId "6320902"]
[WhiteElo "2301"]
[BlackElo "2093"]
[Result "0-1"]
[Round "6"]
[TimeControl "180+1"]
[Date "2023.10.31"]
[WhiteClock "0:00:00"]
[BlackClock "0:00:45"]
[Board "145"]

1. Nf3 Nf6 2. g3 g6 3. Bg2 Bg7 4. c4 O-O 5. Nc3 c6 6. O-O d5 7. cxd5 cxd5 8. d4 Nc6 9. Ne5 Bf5 10. Nxc6 bxc6 11. Bf4 Nh5 12. Be3 Nf6 13. Rc1 Rc8 14. Qa4 Qd7 15. Rfd1 h5 16. Bg5 Nh7 17. Bf4 g5 18. Be3 Bh3 19. b4 Bxg2 20. Kxg2 h4 21. b5 Qg4 22. bxc6 h3+ 23. Kg1 Nf6 24. f3 Qe6 25. Bf2 g4 26. Rd3 Qxc6 27. Qxc6 Rxc6 28. Rb1 Rfc8 29. Rb3 gxf3 30. exf3 e6 31. Be3 Nd7 32. Kf2 Nb6 33. g4 Nc4 34. Nb5 Nxe3 35. Kxe3 Rc2 36. Rd2 Bh6+ 37. f4 Bxf4+ 38. Kxf4 Rxd2 39. Nd6 Rf8 40. Kg5 Rxh2 0-1


[Site "https://www.chess.com"]

[Event "Titled Tuesday Blitz October 31 Late 2023"]
[White "LuxLinster"]
[Black "leonidsh29"]
[WhiteElo "2259"]
[BlackElo "2024"]
[Result "1-0"]
[Round "6"]
[TimeControl "180+1"]
[Date "2023.10.31"]
[WhiteClock "0:00:33"]
[BlackClock "0:00:07"]
[Board "146"]

1. d4 c5 2. d5 e5 3. Nc3 d6 4. e4 Nf6 5. Nf3 g6 6. h3 Bg7 7. Bb5+ Nbd7 8. a4 O-O 9. Bg5 a6 10. Bd3 h6 11. Be3 Nh5 12. g3 f5 13. exf5 gxf5 14. Nxe5 dxe5 15. Qxh5 f4 16. Qg6 Qf6 17. Qh7+ Kf7 18. Ne4 Qg6 19. Qxg6+ Kxg6 20. gxf4 exf4 21. Bxc5 Nxc5 22. Nxc5+ Kf7 23. O-O-O Bd4 24. Ne4 Kg7 25. c3 Bb6 26. Rhg1+ Kh8 27. Rg6 Rf6 28. Nxf6 Bf5 29. Bxf5 Bd4 30. Rxd4 Rg8 31. Rxg8# 1-0


[Site "https://www.chess.com"]

[Event "Titled Tuesday Blitz October 31 Late 2023"]
[White "Bongo Akanga Ndjila, Barthelemy"]
[Black "Sarkar, Justin"]
[WhiteFideId "10609431"]
[BlackFideId "2010011"]
[WhiteElo "2014"]
[BlackElo "2214"]
[Result "1/2-1/2"]
[Round "6"]
[TimeControl "180+1"]
[Date "2023.10.31"]
[WhiteClock "0:00:17"]
[BlackClock "0:00:02"]
[Board "147"]

1. d4 Nf6 2. c4 d6 3. Nc3 g6 4. e4 Bg7 5. Be2 O-O 6. Nf3 e5 7. O-O Nc6 8. d5 Nd4 9. Nxd4 exd4 10. Qxd4 Nd7 11. Qd3 Nc5 12. Qc2 f5 13. f3 fxe4 14. Nxe4 Nxe4 15. fxe4 Bd4+ 16. Kh1 Rxf1+ 17. Bxf1 Qf6 18. Bd3 Bd7 19. Rb1 Rf8 20. Bh6 Rf7 21. Qd2 Qf2 22. b3 Qxd2 23. Bxd2 Rf2 24. Bh6 Rxa2 25. Rf1 Bg7 26. Bg5 Rb2 27. Rb1 Rxb1+ 28. Bxb1 c5 29. Bf4 Be5 30. Bxe5 dxe5 31. Kg1 a6 32. Kf2 b5 33. cxb5 axb5 34. Bd3 Kf7 35. Kf3 Ke7 36. g4 Kf6 37. h4 h6 38. Kg3 g5 39. Be2 Ke7 40. Bd3 Kd6 41. Be2 Kc7 42. hxg5 hxg5 43. Kf2 Kb6 44. Ke3 Ka5 45. Kd3 Kb4 46. Kc2 Ka3 47. Kc3 Be8 48. d6 Bd7 49. Bd1 Be8 50. Be2 Bd7 51. Bd1 Bc6 52. Be2 Bd7 1/2-1/2


[Site "https://www.chess.com"]

[Event "Titled Tuesday Blitz October 31 Late 2023"]
[White "Nihal Sarin"]
[Black "Aravindh, Chithambaram VR."]
[WhiteFideId "25092340"]
[BlackFideId "5072786"]
[WhiteElo "3141"]
[BlackElo "2907"]
[Result "1/2-1/2"]
[Round "7"]
[TimeControl "180+1"]
[Date "2023.10.31"]
[WhiteClock "0:00:18"]
[BlackClock "0:00:13"]
[Board "1"]

1. d4 d5 2. Nf3 Bf5 3. c4 e6 4. Nc3 Nf6 5. Bg5 c6 6. e3 Nbd7 7. Bd3 Bxd3 8. Qxd3 Bb4 9. O-O h6 10. Bh4 O-O 11. cxd5 cxd5 12. Ne2 Be7 13. Rfc1 Rc8 14. Rxc8 Qxc8 15. Rc1 Qb8 16. Bg3 Bd6 17. Qc2 Ne4 18. Bxd6 Nxd6 19. Qc7 Nb6 20. b3 Qxc7 21. Rxc7 Rc8 22. Rxc8+ Nbxc8 23. Nc3 Ne7 24. Kf1 Nc6 25. Ke2 Kf8 26. Ne1 Ke7 27. Nd3 g5 28. g4 f6 29. h3 b6 30. f3 Kd7 31. Kd2 Ke7 32. Nc1 Kd7 33. N1e2 Ne7 34. e4 dxe4 35. fxe4 Ng6 36. Ke3 e5 37. Nd5 Ke6 38. Nc7+ Kd7 39. Nd5 Ke6 40. Nb4 Nf4 41. Nxf4+ exf4+ 42. Kd3 f3 43. Nd5 f2 44. Ne3 b5 45. a4 bxa4 46. bxa4 a5 47. Nf1 Nc8 48. Kc4 Nd6+ 49. Kd3 Nc8 50. Kc4 Nd6+ 51. Kd3 1/2-1/2


[Site "https://www.chess.com"]

[Event "Titled Tuesday Blitz October 31 Late 2023"]
[White "Bok, Benjamin"]
[Black "Andreikin, Dmitry"]
[WhiteFideId "1017063"]
[BlackFideId "4158814"]
[WhiteElo "2964"]
[BlackElo "3120"]
[Result "1/2-1/2"]
[Round "7"]
[TimeControl "180+1"]
[Date "2023.10.31"]
[WhiteClock "0:01:09"]
[BlackClock "0:02:02"]
[Board "2"]

1. d4 d5 2. c4 dxc4 3. Nf3 Nf6 4. e3 e6 5. Bxc4 c5 6. O-O a6 7. b3 Nbd7 8. Bb2 b5 9. Be2 Bb7 10. a4 bxa4 11. Rxa4 Be7 12. Nbd2 O-O 13. Qa1 Qb6 14. h3 Rfb8 15. Rc1 h6 16. Qa2 Bd5 17. Rxa6 Rxa6 18. Qxa6 Qxa6 19. Bxa6 Bxb3 20. Nxb3 Rxb3 21. Ba1 1/2-1/2


[Site "https://www.chess.com"]

[Event "Titled Tuesday Blitz October 31 Late 2023"]
[White "Eljanov, Pavel"]
[Black "Sokolovsky, Yahli"]
[WhiteFideId "14102951"]
[BlackFideId "2820242"]
[WhiteElo "2842"]
[BlackElo "2811"]
[Result "1-0"]
[Round "7"]
[TimeControl "180+1"]
[Date "2023.10.31"]
[WhiteClock "0:00:31"]
[BlackClock "0:00:04"]
[Board "3"]

1. d4 d6 2. Nf3 g6 3. c4 Bg7 4. Nc3 Nd7 5. e4 c5 6. d5 Ngf6 7. Bd3 O-O 8. O-O e6 9. h3 exd5 10. exd5 Re8 11. Bf4 Ne5 12. Nxe5 dxe5 13. Bg5 h6 14. Be3 b6 15. Qd2 Kh7 16. a3 a5 17. Rab1 a4 18. Bc2 Bd7 19. Qd1 Nh5 20. Bxa4 Bxa4 21. Nxa4 f5 22. Nc3 e4 23. f4 exf3 24. Bf2 fxg2 25. Re1 Qg5 26. Qf3 Bd4 27. Qxg2 Qxg2+ 28. Kxg2 Nf4+ 29. Kf3 Bxf2 30. Rxe8 Rxe8 31. Kxf2 Nxh3+ 32. Kg3 Re3+ 33. Kh2 Rd3 34. Na4 g5 35. b4 g4 36. bxc5 bxc5 37. Nxc5 Rd2+ 38. Kg3 Kg6 39. Ne6 Rd3+ 40. Kh4 Rf3 41. Rb6 Kh7 42. d6 Re3 43. d7 Rd3 44. d8=Q Rxd8 45. Nxd8 Ng5 46. Ne6 Nf3+ 47. Kg3 Ne5 48. c5 f4+ 49. Nxf4 Nd3 1-0


[Site "https://www.chess.com"]

[Event "Titled Tuesday Blitz October 31 Late 2023"]
[White "Khismatullin, Denis"]
[Black "Martinez Alcantara, Jose Eduardo"]
[WhiteFideId "4142578"]
[BlackFideId "3805662"]
[WhiteElo "2942"]
[BlackElo "3115"]
[Result "0-1"]
[Round "7"]
[TimeControl "180+1"]
[Date "2023.10.31"]
[WhiteClock "0:00:00"]
[BlackClock "0:00:11"]
[Board "4"]

1. e4 c5 2. Nf3 d6 3. d4 cxd4 4. Nxd4 a6 5. c4 e6 6. Nc3 Nf6 7. Be2 b6 8. O-O Bb7 9. f3 Be7 10. Be3 Nbd7 11. Qd2 O-O 12. Rfd1 Rc8 13. a4 Nc5 14. b4 Ncd7 15. Nb3 d5 16. exd5 Bxb4 17. dxe6 fxe6 18. Qb2 Qe7 19. a5 bxa5 20. Nxa5 Ba8 21. Nb3 Ne5 22. c5 a5 23. Na4 Ng6 24. Nb6 Rb8 25. Bc4 Bd5 26. Bxd5 Nxd5 27. Nxd5 exd5 28. Qd4 Rbe8 29. Qxd5+ Kh8 30. Bg5 Qe2 31. Nd4 Qb2 32. Ne6 Rg8 33. c6 h6 34. Bd8 Rxe6 35. Qxe6 Nf4 36. Qg4 Nd3 37. Bb6 Bd6 38. Rab1 Qc2 39. Bd4 Nf4 40. h4 Ne2+ 41. Kf1 Ng3+ 42. Kg1 Ne2+ 43. Kf1 Ng3+ 44. Kg1 Qxc6 45. Bf2 Ne2+ 46. Kh1 Bc7 47. Qe4 Qxe4 48. fxe4 Nc3 49. Rdc1 Nxb1 50. Rxc7 Nd2 51. e5 Ne4 52. Bd4 Rd8 53. e6 Rxd4 54. Rd7 Rb4 55. e7 Nf6 56. Rd8+ Kh7 57. Rf8 Rxh4+ 58. Kg1 Re4 59. Rxf6 gxf6 0-1


[Site "https://www.chess.com"]

[Event "Titled Tuesday Blitz October 31 Late 2023"]
[White "Ibarra Jerez, Jose Carlos"]
[Black "Le, Quang Liem"]
[WhiteFideId "2226332"]
[BlackFideId "12401137"]
[WhiteElo "2920"]
[BlackElo "3047"]
[Result "1-0"]
[Round "7"]
[TimeControl "180+1"]
[Date "2023.10.31"]
[WhiteClock "0:00:08"]
[BlackClock "0:00:03"]
[Board "5"]

1. e4 c6 2. Nf3 d5 3. d3 dxe4 4. dxe4 Qxd1+ 5. Kxd1 Nf6 6. Nbd2 g6 7. Ne5 Bg7 8. Nd3 O-O 9. f3 Rd8 10. c3 Nh5 11. Kc2 f5 12. Nc5 b6 13. Bc4+ Kh8 14. Ne6 Bxe6 15. Bxe6 Na6 16. exf5 Nf4 17. Ne4 Nxe6 18. fxe6 Nc7 19. Ng5 Kg8 20. Re1 Bf6 21. Nf7 Rd5 22. Bf4 Nxe6 23. Nh6+ Kg7 24. Rxe6 g5 25. c4 Rd7 26. Be3 Kxh6 27. h4 Kg7 28. hxg5 Bd4 29. Re1 Bxe3 30. R1xe3 Kf7 31. Rxc6 Rad8 32. Re2 Rg8 33. f4 Rg6 34. Rxg6 hxg6 35. Kc3 Rd1 36. g3 Rf1 37. Re3 Ke8 38. Kb4 Rf2 39. Ka3 Kd7 40. b4 Kd6 41. Kb3 a6 42. a3 e6 43. Rd3+ Kc6 44. Re3 Kd6 45. Kc3 Rf1 46. Kd4 Rf2 47. c5+ bxc5+ 48. bxc5+ Ke7 49. c6 Kd6 50. Rc3 e5+ 51. fxe5+ Kc7 52. Kd5 Rf5 53. Ke6 Rxg5 54. Rc5 Rxg3 55. Kf6 Rxa3 56. e6 Rf3+ 57. Kxg6 a5 58. e7 Re3 59. Kf6 a4 60. Re5 Rf3+ 61. Ke6 a3 62. e8=Q a2 63. Qd7+ Kb6 64. Qb7# 1-0


[Site "https://www.chess.com"]

[Event "Titled Tuesday Blitz October 31 Late 2023"]
[White "Zhigalko, Sergei"]
[Black "Pranav, V"]
[WhiteFideId "13502956"]
[BlackFideId "25060783"]
[WhiteElo "2914"]
[BlackElo "3044"]
[Result "0-1"]
[Round "7"]
[TimeControl "180+1"]
[Date "2023.10.31"]
[WhiteClock "0:00:00"]
[BlackClock "0:00:03"]
[Board "6"]

1. e4 e5 2. Nf3 Nc6 3. Bc4 Nf6 4. d3 h6 5. O-O d6 6. c3 g6 7. Nbd2 Bg7 8. Re1 O-O 9. Nf1 Be6 10. Bb5 Nd7 11. d4 exd4 12. cxd4 Bg4 13. Bxc6 bxc6 14. Be3 Re8 15. h3 Bxf3 16. Qxf3 Rb8 17. b3 a5 18. Rac1 Rb4 19. Red1 Qa8 20. e5 d5 21. Nh2 h5 22. g4 c5 23. gxh5 cxd4 24. Bxd4 c5 25. hxg6 fxg6 26. Bxc5 Re4 27. Ng4 Nxe5 28. Nxe5 R8xe5 29. Be3 Re8 30. Rc7 Rf8 31. Qg2 Qe8 32. Bc5 Rf5 33. Be3 d4 34. Bd2 Re2 35. Qg4 Rfxf2 36. Rc8 Rg2+ 37. Kh1 Rh2+ 38. Kg1 Rhg2+ 39. Kh1 Rxg4 40. Rxe8+ Rxe8 41. hxg4 Re2 42. a4 Be5 43. Bxa5 Rb2 44. Rd3 Kf7 45. Bd2 Ke6 46. a5 Kd5 47. a6 Ke4 48. a7 Ra2 49. Rh3 Rxa7 50. Rh7 Ra1+ 0-1


[Site "https://www.chess.com"]

[Event "Titled Tuesday Blitz October 31 Late 2023"]
[White "Kovalev, Vladislav"]
[Black "Yoo, Christopher Woojin"]
[WhiteFideId "13504398"]
[BlackFideId "30909694"]
[WhiteElo "2907"]
[BlackElo "3008"]
[Result "0-1"]
[Round "7"]
[TimeControl "180+1"]
[Date "2023.10.31"]
[WhiteClock "0:00:00"]
[BlackClock "0:00:38"]
[Board "7"]

1. e4 d6 2. d4 Nf6 3. Nc3 Nbd7 4. Nf3 e5 5. Bc4 Be7 6. O-O O-O 7. a4 c6 8. Re1 Qc7 9. h3 exd4 10. Nxd4 Ne5 11. Ba2 Ng6 12. Qf3 Re8 13. Nf5 Bf8 14. Bg5 Ne5 15. Qg3 Bxf5 16. exf5 Ned7 17. Rxe8 Rxe8 18. a5 Qd8 19. a6 bxa6 20. Bc4 a5 21. Bf1 Qb6 22. b3 d5 23. Na4 Qb4 24. Rd1 Bd6 25. Qh4 Re4 26. g4 Nxg4 27. Bd2 Qd4 28. Qd8+ Bf8 29. hxg4 Rxg4+ 30. Bg2 Qe4 0-1


[Site "https://www.chess.com"]

[Event "Titled Tuesday Blitz October 31 Late 2023"]
[White "Grigoriants, Sergey"]
[Black "Bortnyk, Mykola"]
[WhiteFideId "4130804"]
[BlackFideId "14120836"]
[WhiteElo "2897"]
[BlackElo "3002"]
[Result "1-0"]
[Round "7"]
[TimeControl "180+1"]
[Date "2023.10.31"]
[WhiteClock "0:00:04"]
[BlackClock "0:00:00"]
[Board "8"]

1. d4 f5 2. Bg5 h6 3. Bh4 g5 4. e3 Nf6 5. Bg3 Bg7 6. Nc3 d6 7. h4 g4 8. Bc4 d5 9. Bb3 c6 10. Nge2 Nh5 11. Bh2 Be6 12. Nf4 Nxf4 13. Bxf4 Nd7 14. Qd3 Qa5 15. O-O-O Nf6 16. f3 b5 17. Be5 Rg8 18. Kb1 Qb6 19. e4 a5 20. Bxf6 Bxf6 21. exd5 a4 22. dxe6 axb3 23. cxb3 b4 24. Na4 Qb5 25. Qxb5 cxb5 26. Nb6 Rd8 27. Nd7 h5 28. f4 g3 29. Nxf6+ exf6 30. d5 Ke7 31. Rd4 Rg4 32. Kc2 Kd6 33. Kd2 Ra8 34. Rc1 Rgg8 35. Rc6+ Ke7 36. Rc7+ Kd6 37. Rc6+ Ke7 38. Rxb4 Rgd8 39. Rxb5 Rxa2 40. Kc3 Ra1 41. Rb7+ Ke8 42. Rg7 Rc1+ 43. Kd2 Rxc6 44. Rg8+ Ke7 45. Rxd8 Rc5 46. Rd7+ Ke8 47. Kd3 Rb5 48. Kc4 Rb8 49. Rg7 Rc8+ 50. Kd3 Rc1 51. Rxg3 Rd1+ 52. Kc4 Rf1 53. Kc5 Ke7 54. Rg7+ Kf8 55. Rb7 Ke8 56. d6 Rc1+ 57. Kb4 1-0


[Site "https://www.chess.com"]

[Event "Titled Tuesday Blitz October 31 Late 2023"]
[White "Kazakouski, Valery"]
[Black "Daneshvar, Bardiya"]
[WhiteFideId "13507443"]
[BlackFideId "12576468"]
[WhiteElo "2895"]
[BlackElo "2954"]
[Result "0-1"]
[Round "7"]
[TimeControl "180+1"]
[Date "2023.10.31"]
[WhiteClock "0:00:00"]
[BlackClock "0:00:40"]
[Board "9"]

1. Nf3 d6 2. d4 g6 3. g3 Bg7 4. Bg2 Nf6 5. O-O O-O 6. c4 Bf5 7. Qb3 Qc8 8. Nc3 Nc6 9. d5 Na5 10. Qa4 b6 11. Bg5 Bd7 12. Qb4 c5 13. dxc6 Bxc6 14. Rac1 Qa6 15. b3 Rac8 16. Rfd1 h6 17. Be3 Ng4 18. Bd2 Kh7 19. h3 Nf6 20. Be3 Qb7 21. Nb5 Nd7 22. Nbd4 Be4 23. h4 Ne5 24. h5 Nac6 25. Ng5+ hxg5 26. Bxe4 Nxb4 27. hxg6+ Nxg6 28. Bxb7 Nxa2 29. Ra1 Nc3 30. Rd2 Rc7 31. Bg2 b5 32. Rc1 b4 33. Nf5 a5 34. Bxg5 a4 35. bxa4 Nxa4 36. Nxg7 Kxg7 37. Be3 Rb8 38. Ra2 Nc5 39. Rb2 Ne5 40. Bd4 Ne6 41. Bxe5+ dxe5 42. Rcb1 Rxc4 43. Bd5 Rd4 44. Bxe6 fxe6 45. Kg2 Kf6 46. Rb3 e4 47. e3 Rc4 48. g4 Kg5 49. Kg3 e5 50. R3b2 e6 51. Rb3 Rb7 52. R3b2 Rf7 53. Rxb4 Rf3+ 54. Kg2 Rc2 55. Rf1 Rxe3 56. Kg1 Ree2 57. Rb3 Kxg4 58. Rg3+ Kf4 59. Rh3 Red2 60. Rh4+ Kf5 61. Rh3 Rd3 62. Rh5+ Kf6 63. Rh4 Rd4 64. Rh3 Rcd2 65. Rh6+ Ke7 66. Rh5 Kd6 0-1


[Site "https://www.chess.com"]

[Event "Titled Tuesday Blitz October 31 Late 2023"]
[White "Pakleza, Zbigniew"]
[Black "Chigaev, Maksim"]
[WhiteFideId "1119290"]
[BlackFideId "4108116"]
[WhiteElo "2836"]
[BlackElo "2947"]
[Result "1-0"]
[Round "7"]
[TimeControl "180+1"]
[Date "2023.10.31"]
[WhiteClock "0:00:05"]
[BlackClock "0:00:01"]
[Board "10"]

1. d4 Nf6 2. Nf3 g6 3. Bf4 Bg7 4. e3 d6 5. h3 O-O 6. Be2 c5 7. c3 Qb6 8. Qb3 Be6 9. Qxb6 axb6 10. a3 Bd5 11. Nbd2 Bc6 12. O-O Nbd7 13. Bd3 Rfd8 14. Bg3 e5 15. Bc2 e4 16. Ne1 d5 17. Bb3 Bb5 18. c4 Ba6 19. Nc2 Rac8 20. Rfc1 dxc4 21. Bxc4 cxd4 22. Nxd4 Nc5 23. b4 Nd3 24. Bxd3 Bxd3 25. Bc7 Re8 26. Bxb6 Nd5 27. Bc5 b6 28. Bd6 Nc3 29. Kh2 Ne2 30. Rxc8 Rxc8 31. N2b3 Rc3 32. Ra2 Nxd4 33. Nxd4 Bc4 34. Ra1 Rd3 35. a4 Bxd4 36. exd4 Rxd4 37. Bc7 b5 38. a5 Bd5 39. Be5 Rxb4 40. Rd1 f6 41. Bd6 Rb2 42. Rxd5 Rxf2 43. Rxb5 e3 44. Bc5 Re2 45. a6 Ra2 46. a7 e2 47. Rb1 Kf7 48. Re1 Ke6 49. Rxe2+ 1-0


[Site "https://www.chess.com"]

[Event "Titled Tuesday Blitz October 31 Late 2023"]
[White "Sjugirov, Sanan"]
[Black "Krallis, Christos"]
[WhiteFideId "4189302"]
[BlackFideId "4298896"]
[WhiteElo "2947"]
[BlackElo "2753"]
[Result "1-0"]
[Round "7"]
[TimeControl "180+1"]
[Date "2023.10.31"]
[WhiteClock "0:00:55"]
[BlackClock "0:00:00"]
[Board "11"]

1. d4 Nf6 2. c4 e6 3. Nf3 d5 4. g3 Be7 5. Bg2 O-O 6. O-O c6 7. b3 b6 8. Bb2 a5 9. Nc3 Nbd7 10. Re1 Bb7 11. Nd2 c5 12. cxd5 cxd4 13. d6 Bxg2 14. dxe7 Qxe7 15. Kxg2 dxc3 16. Bxc3 Nc5 17. Rc1 Rfd8 18. Qc2 Nd5 19. Nc4 b5 20. Ne5 Qb7 21. Kg1 Rdc8 22. Ba1 f6 23. Nf3 Nb4 24. Qb1 Ncd3 25. Rxc8+ Rxc8 26. Rd1 e5 27. a3 Nc2 28. Rxd3 Nxa1 29. Ne1 e4 30. Rd1 e3 31. f3 b4 32. Qxa1 h5 33. axb4 h4 34. Qd4 hxg3 35. hxg3 Qb8 36. Kg2 axb4 37. Qd5+ Kf8 38. Nd3 Rd8 39. Qc5+ Kg8 40. Qxe3 Re8 41. Qf2 Qb5 42. Rc1 Qd5 43. Rc4 g5 44. Rxb4 f5 45. g4 f4 46. Rc4 Rb8 47. Rc5 Qd8 48. b4 Rb7 49. Re5 Kg7 50. Qc5 Kf6 51. Rf5+ Kg6 52. Qc6+ Kg7 53. Qxb7+ 1-0


[Site "https://www.chess.com"]

[Event "Titled Tuesday Blitz October 31 Late 2023"]
[White "Brodsky, David"]
[Black "Paravyan, David"]
[WhiteFideId "2073250"]
[BlackFideId "4194985"]
[WhiteElo "2818"]
[BlackElo "3039"]
[Result "1-0"]
[Round "7"]
[TimeControl "180+1"]
[Date "2023.10.31"]
[WhiteClock "0:00:07"]
[BlackClock "0:00:10"]
[Board "12"]

1. e4 e5 2. Nf3 Nf6 3. Nxe5 d6 4. Nf3 Nxe4 5. d4 d5 6. Bd3 Bd6 7. O-O O-O 8. c4 c6 9. Nc3 Nxc3 10. bxc3 dxc4 11. Bxc4 Bg4 12. h3 Bh5 13. g4 Bg6 14. Ne5 b5 15. Bb3 Nd7 16. Nxg6 hxg6 17. Qf3 Rc8 18. a4 a5 19. Re1 Nb6 20. Bd2 bxa4 21. Bxa4 c5 22. Be3 Nd5 23. dxc5 Bxc5 24. Rad1 Bxe3 25. Rxe3 Rc5 26. Bb3 a4 27. Bxd5 Qc7 28. c4 Kh7 29. Kg2 f5 30. Qg3 Qd8 31. g5 Rxd5 32. Rxd5 Qc8 33. Qf4 Qc6 34. Re7 Re8 35. Rxe8 Qxe8 36. Qd4 Qe7 37. h4 a3 38. Rd7 Qf8 39. Ra7 f4 40. c5 f3+ 41. Kg1 a2 42. Rxa2 Qe7 43. Rd2 Qe1+ 44. Kh2 Qf1 45. Kg3 Qg2+ 46. Kf4 Qh3 47. Ke5 Qf5+ 48. Kd6 Qf7 49. c6 Qf8+ 50. Kd5 Qd8+ 51. Kc5 Qc8 52. Qd7 Qf8+ 53. Kb6 Qb4+ 54. Kc7 Qa5+ 55. Kb7 Qb5+ 56. Kc8 Qa6+ 57. Kd8 Qa8+ 58. Ke7 Qa3+ 59. Rd6 Qc5 60. c7 Qc2 61. Kd8 Qxf2 62. c8=Q Qxh4 63. Qdc7 Qxg5+ 64. Kd7 Qf5+ 65. Kc6 Qe4+ 66. Kd7 f2 67. Rd1 Qg4+ 68. Kc6 Qxd1 69. Qh3+ Qh5 70. Qxh5+ gxh5 71. Qf4 Kg6 72. Qxf2 Kg5 73. Qg2+ Kf4 74. Kd5 h4 75. Qh3 g5 76. Kd4 g4 77. Qf1+ Kg3 78. Ke3 Kh2 79. Qf2+ Kh3 80. Kf4 g3 81. Qf3 Kh2 82. Qg4 g2 83. Qxh4+ Kg1 84. Kf3 Kf1 85. Qf2# 1-0


[Site "https://www.chess.com"]

[Event "Titled Tuesday Blitz October 31 Late 2023"]
[White "Bashirli, Nail"]
[Black "Hong, Andrew"]
[WhiteFideId "13406809"]
[BlackFideId "2099438"]
[WhiteElo "2774"]
[BlackElo "2952"]
[Result "0-1"]
[Round "7"]
[TimeControl "180+1"]
[Date "2023.10.31"]
[WhiteClock "0:00:22"]
[BlackClock "0:00:10"]
[Board "13"]

1. e4 c6 2. Nc3 d5 3. d4 dxe4 4. Nxe4 g6 5. Nf3 Bg7 6. Bc4 Nf6 7. Nxf6+ exf6 8. O-O O-O 9. h3 Nd7 10. a4 a5 11. Re1 Nb6 12. Bb3 Nd5 13. c3 Be6 14. Bd2 Re8 15. Qc1 Qb6 16. Bc4 h5 17. Bh6 Qc7 18. Bxg7 Kxg7 19. Bf1 Nf4 20. Re4 g5 21. g3 Nxh3+ 22. Bxh3 Bxh3 23. Nxg5 Bg4 24. Qe3 Rxe4 25. Nxe4 Re8 26. Re1 Re6 27. f3 Bf5 28. Kf2 Bg6 29. Qd2 h4 30. Rg1 h3 31. Qf4 Qb6 32. Re1 Qxb2+ 33. Re2 Qa1 34. Nd6 h2 35. Rxe6 fxe6 36. Ne8+ Bxe8 0-1


[Site "https://www.chess.com"]

[Event "Titled Tuesday Blitz October 31 Late 2023"]
[White "Ilamparthi A R"]
[Black "Javakhadze, Zurab"]
[WhiteFideId "45015775"]
[BlackFideId "13603647"]
[WhiteElo "2930"]
[BlackElo "2785"]
[Result "1-0"]
[Round "7"]
[TimeControl "180+1"]
[Date "2023.10.31"]
[WhiteClock "0:00:31"]
[BlackClock "0:00:00"]
[Board "14"]

1. d4 d5 2. Bf4 c5 3. e3 cxd4 4. exd4 Nc6 5. Nf3 Bg4 6. c3 e6 7. Nbd2 Bd6 8. Bxd6 Qxd6 9. h3 Bh5 10. Bd3 Nf6 11. O-O O-O 12. Re1 Rab8 13. a4 a6 14. a5 Qc7 15. Qa4 Nd7 16. Qa3 Rfe8 17. Re3 f6 18. Rae1 Bf7 19. b4 h6 20. Bb1 e5 21. dxe5 fxe5 22. Qb2 e4 23. Nh2 Nde5 24. Qc2 Rbc8 25. Qd1 Ne7 26. Ng4 Nf5 27. Nb3 Nxe3 28. Rxe3 Nc4 29. Rg3 Qf4 30. Qd4 Ne5 31. Ne3 Kh8 32. Nc5 Qf6 33. Nxd5 Bxd5 34. Qxd5 Rcd8 35. Qxe4 Rd1+ 36. Kh2 Ng4+ 37. Qxg4 Rxb1 38. Ne4 Qe5 39. f4 Qc7 40. Qg6 Rd8 41. Nf6 gxf6 42. Qxh6+ Qh7 43. Qxf6+ 1-0


[Site "https://www.chess.com"]

[Event "Titled Tuesday Blitz October 31 Late 2023"]
[White "Krzyzanowski, Marcin"]
[Black "Bauman_Guy"]
[WhiteFideId "1132199"]
[WhiteElo "2773"]
[BlackElo "2912"]
[Result "1/2-1/2"]
[Round "7"]
[TimeControl "180+1"]
[Date "2023.10.31"]
[WhiteClock "0:00:06"]
[BlackClock "0:00:19"]
[Board "15"]

1. e4 c5 2. Nf3 d6 3. Bb5+ Nd7 4. d4 cxd4 5. Qxd4 a6 6. Bxd7+ Qxd7 7. O-O e5 8. Qd3 Qc6 9. c4 Be6 10. Nfd2 b5 11. b3 Nf6 12. Nc3 Be7 13. cxb5 Qb7 14. bxa6 Rxa6 15. Nc4 O-O 16. Bg5 Bxc4 17. bxc4 Ra3 18. Rab1 Qa8 19. Rb3 Rb8 20. Bxf6 Bxf6 21. Nd5 Rxa2 22. Nxf6+ gxf6 23. Rxb8+ Qxb8 24. h4 Qb4 25. Rd1 Qc5 26. Qf3 Kg7 27. Rd5 Qxc4 28. Rxd6 Qc1+ 29. Kh2 Qf4+ 30. Qxf4 exf4 31. f3 Ra5 32. Kh3 h5 33. Rc6 f5 34. exf5 Rxf5 35. Rc4 Kg6 36. Kh2 Kg7 37. Kg1 Kg6 38. Kf2 Kf6 39. Re4 Kg6 40. Ke2 Kf6 41. Kd3 Rd5+ 42. Rd4 Ke5 43. Rxd5+ Kxd5 44. Kc3 Kc5 45. Kd3 Kd5 46. Kc3 Kc5 47. Kd3 Kd5 1/2-1/2


[Site "https://www.chess.com"]

[Event "Titled Tuesday Blitz October 31 Late 2023"]
[White "Asadli, Vugar"]
[Black "Szpar, Milosz"]
[WhiteFideId "13405764"]
[BlackFideId "1184989"]
[WhiteElo "2868"]
[BlackElo "2770"]
[Result "0-1"]
[Round "7"]
[TimeControl "180+1"]
[Date "2023.10.31"]
[WhiteClock "0:01:57"]
[BlackClock "0:02:17"]
[Board "16"]

1. e4 e6 2. d4 d5 3. Nd2 Be7 4. Ngf3 Nf6 5. e5 Nfd7 6. Bd3 c5 7. c3 Nc6 8. O-O a5 9. Re1 cxd4 10. cxd4 Qb6 11. Qa4 g5 12. Nb3 g4 13. Nfd2 Qc7 14. Qb5 a4 15. Nc5 0-1


[Site "https://www.chess.com"]

[Event "Titled Tuesday Blitz October 31 Late 2023"]
[White "Rustemov, Alexander"]
[Black "DopplerCharlotteDeWitte"]
[WhiteFideId "4119002"]
[WhiteElo "2866"]
[BlackElo "2749"]
[Result "0-1"]
[Round "7"]
[TimeControl "180+1"]
[Date "2023.10.31"]
[WhiteClock "0:00:00"]
[BlackClock "0:00:06"]
[Board "17"]

1. d4 d5 2. c4 e6 3. Nc3 Nf6 4. Nf3 Nbd7 5. Bg5 h6 6. Bh4 Bb4 7. e3 g5 8. Bg3 Ne4 9. Qb3 c5 10. cxd5 exd5 11. Be2 Qa5 12. Rc1 c4 13. Qc2 Qxa2 14. Nd2 Bxc3 15. bxc3 Qxc2 16. Rxc2 Nxg3 17. hxg3 b5 18. Rb2 a6 19. O-O Nb6 20. Bd1 Bf5 21. g4 Bd3 22. Re1 O-O 23. Nf1 Rfb8 24. Ng3 Nd7 25. Bf3 Nf6 26. Ra1 a5 27. Rba2 a4 28. Rb2 Ra5 29. Ra3 Kf8 30. Rb4 Ke7 31. Be2 Bxe2 32. Nxe2 Nxg4 33. Ng3 Ke6 34. Kf1 f5 35. Ke2 Nf6 36. f3 h5 37. Kf2 h4 38. Nf1 Rb6 39. Nd2 Raa6 40. Nb1 Nd7 41. Ra1 Nb8 42. Na3 Ra5 43. Rab1 Nc6 44. R4b2 Na7 45. Nc2 Kd6 46. e4 fxe4 47. fxe4 dxe4 48. Ke3 a3 49. Ra2 Rba6 50. Rba1 Nc6 51. Kxe4 Ne7 52. Nb4 Ra8 53. d5 Re8 54. Rd1 Nc6+ 55. Kf5 Re5+ 56. Kg4 Nxb4 57. cxb4 Ra4 58. Rf1 c3 59. Rc1 Rxb4+ 60. Kh5 Rb3 61. Kg6 b4 62. Rf1 Rb2 63. Raa1 c2 64. Rf6+ Kxd5 65. Rc1 Re6 66. Rxe6 Kxe6 67. Kxg5 b3 68. Kxh4 Rb1 0-1


[Site "https://www.chess.com"]